 Dungeon Crawl Stone Soup version 0.23.2-30-g0e89c35649 (webtiles) character file.

Game seed: 12027374098675904130

1806 Gildeon the Destroyer (level 8, -4/43 HPs)
             Began as a Deep Elf Conjurer on June 20, 2019.
             Slain by Duvessa
             ... wielding a +0 short sword
              (9 damage)
             ... on level 7 of the Dungeon.
             The game lasted 00:46:02 (6230 turns).

Gildeon the Destroyer (Deep Elf Conjurer)           Turns: 6230, Time: 00:46:03

Health: -4/43      AC:  4    Str:  5    XL:     8   Next: 84%
Magic:  15/31      EV: 14    Int: 23    God:
Gold:   269        SH:  3    Dex: 22    Spells: 5/23 levels left

rFire    . . .     SeeInvis .   h - +1 long sword "Goblinbane" {pain, +Blink rC+ Dex+7}
rCold    + . .     Gourm    .   (no shield)
rNeg     + . .     Faith    .   t - +1 robe {rN+}
rPois    .         Spirit   .   (no helmet)
rElec    .         Reflect  +   (no cloak)
rCorr    .         Harm     .   (no gloves)
MR       .....                  l - +0 pair of boots
Stlth    ++++......             j - +3 amulet of reflection
HPRegen  0.14/turn              m - ring of magical power
MPRegen  0.22/turn              u - ring of stealth

@: no status effects
A: no striking features
a: Evoke Blink


You were on level 7 of the Dungeon.
You were not hungry.

You visited 1 branch of the dungeon, and saw 7 of its levels.

You collected 381 gold pieces.
You spent 112 gold pieces at shops.

Inventory:

Hand Weapons
 h - the +1 long sword "Goblinbane" (weapon) {pain, +Blink rC+ Dex+7}
   (You found it on level 5 of the Dungeon)

   In the hands of one skilled in necromantic magic, it inflicts extra damage on
   living creatures.
   It affects your dexterity (+7).
   It protects you from cold.
   It lets you blink.
Armour
 l - a +0 pair of boots (worn)
 t - a +1 robe of positive energy (worn)
Jewellery
 j - a +3 amulet of reflection (around neck)
 m - a ring of magical power (left hand)
 s - a cursed amulet of inaccuracy {unknown}
 u - a ring of stealth (right hand)
 v - an uncursed amulet of the acrobat {unknown}
Scrolls
 a - a scroll of random uselessness {unknown}
 e - 2 scrolls of remove curse
 f - 2 scrolls of immolation {unknown}
 i - 2 scrolls of fog
 n - a scroll of magic mapping {unknown}
 p - a scroll of enchant armour {unknown}
 r - 7 scrolls of teleportation
 w - a scroll of blinking {unknown}
Potions
 b - a potion of flight
 d - a potion of berserk rage {unknown}
 g - a potion of curing
 k - a potion of invisibility
 o - 4 potions of heal wounds
Comestibles
 c - 7 rations
 q - 2 chunks of flesh


   Skills:
 - Level 1.0 Fighting
 - Level 1.3 Armour
 - Level 3.2 Dodging
 - Level 4.0 Stealth
 + Level 8.4 Spellcasting
 + Level 8.7 Conjurations
 - Level 4.0 Hexes
 - Level 2.3 Translocations
 + Level 4.0 Evocations


You had 5 spell levels left.
You knew the following spells:

 Your Spells              Type           Power        Failure   Level  Hunger
a - Magic Dart            Conj           ####         1%          1    None
b - Searing Ray           Conj           ######       1%          2    None
c - Dazzling Spray        Conj/Hex       #####.       1%          3    None
d - Iskenderun's Mystic   Conj           ######..     1%          4    ##.....
e - Fulminant Prism       Conj/Hex       #####.....   4%          4    ##.....
f - Force Lance           Conj/Tloc      #####...     7%          4    ##.....

Your spell library contained the following spells:

 Spells                   Type           Power        Failure   Level  Hunger


Dungeon Overview and Level Annotations

Branches:
Dungeon (7/15)
 Temple: D:4-7

Altars:
Nemelex Xobeh
Okawaru
Ru
Yredelemnul

Shops:
D:5 *   D:6 *

Annotations:
D:5 1 runed translucent door, Eustachio
D:7 Duvessa


Message History

Duvessa completely misses you. Duvessa hits you with a +0 short sword!
* * * LOW HITPOINT WARNING * * *
The searing ray hits Duvessa.
Duvessa is heavily wounded.
Duvessa closely misses you.
The searing ray hits Duvessa!
Duvessa is severely wounded.
Duvessa misses you. You block Duvessa's attack.
The searing ray hits Duvessa!
Duvessa is almost dead.
You finish channeling your searing ray.
Duvessa barely misses you.
Casting: Searing Ray (safe; 1% risk of failure)
Confirm with . or Enter, or press ? or * to list all spells.
Aiming: Searing Ray (safe; 1% risk of failure)
Press: ? - help, Shift-Dir - straight line, f/p - Duvessa
Aim: Duvessa, wielding a +0 short sword, wearing a +0 ring mail and carrying a wand of flame (19) (almost dead, berserk, fast, unusually strong)
The searing ray misses Duvessa. (Press . to maintain the ray.) Duvessa hits you with a +0 short sword!
You die...

####### #.....## ##. ##
...... ...e ..##.... .e.
.. >.... .. .$. #..# .#
..# #..####.##..# ..
^##@e..)......# .#
#................## ..#
#.................. ..#
.....######...##..##...#
##... #..##...##..##...#
##+ #..'.....#.......+
ยง........#.....'.<.....#
.#...##..##...##..##...#
#.. #..##...##'## ..#


You could see Duvessa (berserk).

Vanquished Creatures
  Sigmund (D:5)
  Menkaure (D:5)
  A water moccasin (D:6)
  An ice beast (D:6)
  2 ogres
  A phantom (D:7)
  Blork the orc (D:5)
  2 bullfrogs (D:6)
  A scorpion (D:4)
  Dowan (D:7)
  A howler monkey (D:6)
  A bullfrog skeleton (D:4)
  3 hounds
  4 orc priests
  An orc wizard (D:4)
  4 iguanas
  3 worker ants
  A hound zombie (D:6)
  A hound skeleton (D:4)
  A howler monkey zombie (D:5)
  11 adders
  4 gnolls (D:6)
  4 shadow imps
  2 worms
  2 dart slugs (D:1)
  3 leopard geckos
  11 orcs
  3 giant cockroaches
  12 goblins
  8 hobgoblins
  4 quokkas
  A ball python (D:3)
  8 bats
  3 frilled lizards
  7 kobolds
  5 rats
120 creatures vanquished.

Vanquished Creatures (others)
  A fulminant prism (D:6)
1 creature vanquished.

Grand Total: 121 creatures vanquished

Notes
Turn   | Place    | Note
-------+----------+-------------------------------------------
     0 | D:1      | Gildeon the Deep Elf Conjurer began the quest for the Orb.
     0 | D:1      | Reached XP level 1. HP: 10/10 MP: 6/6
   157 | D:1      | Reached XP level 2. HP: 15/15 MP: 6/8
   169 | D:1      | Learned a level 2 spell: Searing Ray
   649 | D:1      | Reached XP level 3. HP: 13/20 MP: 8/10
   654 | D:1      | Learned a level 3 spell: Dazzling Spray
   855 | D:2      | Reached skill level 1 in Fighting
   941 | D:2      | Found a basalt altar of Yredelemnul.
   973 | D:2      | Reached skill level 5 in Conjurations
  1523 | D:2      | Reached skill level 1 in Hexes
  1604 | D:2      | Found an iron altar of Okawaru.
  1607 | D:2      | Reached XP level 4. HP: 25/25 MP: 12/12
  1840 | D:3      | Learned a level 4 spell: Iskenderun's Mystic Blast
  2747 | D:4      | Noticed an ogre
  2758 | D:4      | Killed an ogre
  2758 | D:4      | Reached skill level 1 in Armour
  2758 | D:4      | Reached skill level 5 in Spellcasting
  2758 | D:4      | Reached XP level 5. HP: 19/29 MP: 14/14
  2776 | D:3      | Learned a level 4 spell: Fulminant Prism
  2985 | D:3      | Reached XP level 6. HP: 7/34 MP: 16/16
  3705 | D:4      | Reached XP level 7. HP: 31/38 MP: 16/18
  3711 | D:4      | Learned a level 4 spell: Force Lance
  3862 | D:5      | Entered Level 5 of the Dungeon
  4060 | D:5      | Noticed Blork the orc
  4070 | D:5      | Killed Blork the orc
  4199 | D:5      | Noticed Menkaure
  4208 | D:5      | Killed Menkaure
  4208 | D:5      | Reached skill level 1 in Translocations
  4360 | D:5      | Found Ceeh's General Store.
  4363 | D:5      | Bought a scroll of identify for 28 gold pieces
  4363 | D:5      | Bought a scroll of noise for 14 gold pieces
  4363 | D:5      | Bought a potion of heal wounds for 70 gold pieces
  4489 | D:5      | Got a bloodstained long sword
  4518 | D:5      | Identified the cursed +1 long sword "Goblinbane" {pain,
                  | +Blink rC+ Dex+7} (You found it on level 5 of the Dungeon)
  4676 | D:5      | Noticed Sigmund
  4697 | D:5      | Killed Sigmund
  4697 | D:5      | Reached XP level 8. HP: 7/43 MP: 19/20
  4968 | D:5      | Found a runed translucent door.
  5082 | D:5      | Noticed Eustachio
  5082 | D:5      | Identified the +11 dagger "Irghukis" {flame, *Corrode +Inv
                  | rElec rF+}
  5267 | D:6      | Reached skill level 1 in Evocations
  5284 | D:6      | Found a sparkling altar of Nemelex Xobeh.
  5499 | D:6      | Found Fanwutt's Lightly-Used Armoury.
  6076 | D:6      | Found a sacrificial altar of Ru.
  6210 | D:7      | Noticed Dowan
  6214 | D:7      | Noticed Duvessa
  6223 | D:7      | Killed Dowan
  6230 | D:7      | Slain by Duvessa

Skill      XL: |  1  2  3  4  5  6  7  8 |
---------------+-------------------------+-----
Fighting       | 1 |  1.0
Spellcasting   | 4 5 6 7 8 |  8.4
Conjurations   | 5 6 7 8 |  8.7
Hexes          | 1 2 3 4 |  4.0
Armour         | 1 |  1.3
Stealth        | 3 4 |  4.0
Translocations | 2 |  2.3
Dodging        | 3 |  3.2
Evocations     | 4 |  4.0

Action                   |  1- 3 |  4- 6 |  7- 9 || total
-------------------------+-------+-------+-------++-------
Melee: Dagger            |     7 |    11 |     2 ||    20
       Long sword        |       |       |     8 ||     8
 Cast: Magic Dart        |    74 |    85 |    65 ||   224
       Searing Ray       |     1 |     7 |    23 ||    31
       Iskenderun's Myst |       |       |     2 ||     2
       Fulminant Prism   |       |       |     1 ||     1
  Use: Scroll            |       |     5 |     4 ||     9
 Stab: Sleeping          |       |     3 |     3 ||     6
  Eat: Chunk             |     1 |     4 |     8 ||    13
       Ration            |       |     1 |       ||     1
Armor: Robe              |     6 |     8 |     6 ||    20
Dodge: Dodged            |    12 |    24 |    51 ||    87
Block: Other             |       |    16 |     6 ||    22
       Rpst.: Long sword |       |       |    11 ||    11
